 Dungeon Crawl Stone Soup version 0.20-a0-1114-g33edf32 (webtiles) character file.

2493 urechis the Cleaver (level 9, -2/109 HPs)
             Began as a Hill Orc Berserker on May 6, 2017.
             Was an Elder of Trog.
             Slain by an orc warrior
             ... wielding a +0 scimitar
              (8 damage)
             ... on level 7 of the Dungeon.
             The game lasted 00:08:42 (6952 turns).

urechis the Cleaver (Hill Orc Berserker)            Turns: 6952, Time: 00:08:43

Health: -2/109     AC:  9    Str: 25    XL:     9   Next: 52%
Magic:  9/9        EV: 10    Int:  7    God:    Trog [****..]
Gold:   516        SH:  5    Dex: 17    Spells: 8/8 levels left

rFire    + + +     SeeInvis .   p - +1 hand axe (chop)
rCold    . . .     Gourm    .   s - +1 buckler {rF+}
rNeg     . . .     Faith    .   g - +1 scale mail {rF+}
rPois    .         Spirit   .   (helmet restricted)
rElec    .         Reflect  .   k - scarf {repulsion}
rCorr    .         Harm     .   b - +0 pair of gloves
MR       .....                  (no boots)
Stlth    ..........             (no amulet)
Regen    0.3/turn               h - +4 ring of dexterity
MPRegen  0.2/turn               (no ring)

@: berserking, repel missiles, very quick
A: horns 1, fire resistance 1, frail 1, screaming 1
a: Berserk, Trog's Hand, Brothers in Arms, Burn Spellbooks, Renounce Religion


You were on level 7 of the Dungeon.
You worshipped Trog.
Trog was greatly pleased with you.
You were very hungry.

You visited 1 branch of the dungeon, and saw 7 of its levels.

You collected 516 gold pieces.

Inventory:

Hand Weapons
 p - a +1 hand axe of chopping (weapon)
Armour
 b - a +0 pair of gloves (worn)
 g - a +1 scale mail of fire resistance (worn)
 k - a scarf of repulsion (worn)
 s - a +1 buckler of fire resistance (worn)
Jewellery
 h - a +4 ring of dexterity (left hand)
Wands
 a - a wand of polymorph (11/24)
 y - a wand of lightning (5/15)
Scrolls
 j - a scroll of immolation {unknown}
 l - 2 scrolls of fog
 n - 4 scrolls of teleportation
 q - 2 scrolls of enchant armour {unknown}
 t - 2 scrolls of identify
 w - 2 scrolls of noise {unknown}
Potions
 d - a potion of heal wounds
 e - a potion of magic {unknown}
 r - 4 potions of haste
Comestibles
 c - 8 bread rations
 f - 3 chunks of flesh
 i - 2 royal jellies
 m - a meat ration


   Skills:
 + Level 8.4 Fighting
 * Level 12.6 Axes
 - Level 6.0 Armour
 - Level 1.5 Dodging


You had 8 spell levels left.
You didn't know any spells.

Dungeon Overview and Level Annotations

Branches:
Dungeon (7/15)             Temple (0/1) D:4

Altars:
Hepliaklqana
Okawaru
Qazlal
Sif Muna
Vehumet
Xom
Beogh


Innate Abilities, Weirdness & Mutations

You have a pair of small horns on your head.
Your flesh is heat resistant. (rF+)
You are frail. (-10% HP)
You occasionally shout uncontrollably at your foes.


Message History

Things that are here:
a dagger; a robe; an orc corpse Your shield prevents you from hitting the orc priest.
The orc priest is heavily wounded.
You hit the orc warrior.
The orc priest shouts, "Join the one true god or die!"
The orc priest hits you with a mace.
* * * LOW HITPOINT WARNING * * *
The orc priest threatens, "By the altar or by the axe, you will meet Beogh!"
You hit the orc priest.
The orc priest shouts, "Join the one true god or die!"
The orc priest is almost dead.
You hit the orc warrior.
The orc priest shouts, "Surrender to Beogh and we'll let you live!"
You slash the orc priest!
You kill the orc priest!
Trog accepts your kill.
You hit the orc warrior.
The orc warrior hits you with a scimitar!
You die...

#.. .... #.#......
#.#..!...
##########.#.....#
...?..))##.#.#.#.#
#....@.......#.#
#....o.........#+##
#...........#.....#
#...........#.....+
########+#.##.....#
#.##..#######
#............
#........######.
#........+......


You could see an orc warrior.

Vanquished Creatures
  3 black bears
  2 ice beasts (D:7)
  2 sky beasts
  5 phantoms
  Blork the orc (D:5)
  A big kobold (D:7)
  2 bullfrogs (D:6)
  A water moccasin zombie (D:6)
  4 scorpions
  3 howler monkeys
  A crimson imp (D:5)
  2 hounds
  4 orc priests
  3 jellies (D:7)
  2 orc wizards
  A bullfrog skeleton (D:4)
  Jessica (D:3)
  Ijyb (D:4)
  An iguana (D:6)
  A worker ant (D:4)
  A hound skeleton (D:7)
  A worker ant zombie (D:5)
  3 gnolls (D:5)
  12 adders
  A shadow imp (D:7)
  2 adder skeletons
  A dart slug (D:2)
  3 leopard geckos
  24 orcs
  4 giant cockroaches
  10 goblins
  6 hobgoblins
  6 jackals
  20 kobolds
  4 quokkas
  A ball python (D:2)
  A ball python skeleton (D:4)
  8 bats
  5 frilled lizards
  A giant cockroach zombie (D:5)
  A jackal zombie (D:7)
  A quokka zombie (D:5)
  4 rats
161 creatures vanquished.

Notes
Turn   | Place    | Note
-------+----------+-------------------------------------------
     0 | D:1      | urechis the Hill Orc Berserker began the quest for the Orb.
     0 | D:1      | Reached XP level 1. HP: 19/19 MP: 1/1
   281 | D:1      | Reached XP level 2. HP: 9/26 MP: 2/2
   930 | D:1      | Reached skill level 5 in Axes
  1006 | D:1      | Reached ** piety under Trog
  1049 | D:1      | Reached XP level 3. HP: 33/33 MP: 3/3
  1532 | D:2      | Reached XP level 4. HP: 17/40 MP: 4/4
  1957 | D:2      | Found an iron altar of Okawaru.
  1964 | D:2      | Reached skill level 6 in Axes
  2404 | D:3      | Reached XP level 5. HP: 40/46 MP: 5/5
  2540 | D:3      | Found a roughly hewn altar of Beogh.
  2716 | D:3      | Noticed a black bear
  2722 | D:3      | Killed a black bear
  2722 | D:3      | Reached skill level 7 in Axes
  2722 | D:3      | Reached XP level 6. HP: 53/53 MP: 6/6
  3010 | D:3      | Noticed Jessica
  3016 | D:3      | Killed Jessica
  3016 | D:3      | Reached *** piety under Trog
  3241 | D:3      | Found a deep blue altar of Sif Muna.
  3242 | D:3      | Found a radiant altar of Vehumet.
  3310 | D:3      | Found a stormy altar of Qazlal.
  3422 | D:4      | Noticed a phantom
  3430 | D:4      | Killed a phantom
  3430 | D:4      | Reached skill level 5 in Fighting
  3467 | D:4      | Reached XP level 7. HP: 44/61 MP: 7/7
  3489 | D:4      | Found a staircase to the Ecumenical Temple.
  3497 | D:4      | Reached skill level 8 in Axes
  3676 | D:4      | Noticed Ijyb
  3692 | D:4      | Killed Ijyb
  4326 | D:5      | Entered Level 5 of the Dungeon
  4345 | D:5      | Reached skill level 9 in Axes
  4528 | D:5      | Found a shimmering altar of Xom.
  4540 | D:5      | Reached skill level 5 in Armour
  4596 | D:5      | Noticed Blork the orc
  4599 | D:5      | Reached XP level 8. HP: 70/70 MP: 8/8
  4606 | D:5      | Killed Blork the orc
  4775 | D:5      | Reached **** piety under Trog
  5047 | D:5      | Reached skill level 10 in Axes
  5962 | D:6      | Received a gift from Trog
  6112 | D:6      | Reached skill level 11 in Axes
  6366 | D:7      | Reached XP level 9. HP: 55/79 MP: 9/9
  6732 | D:7      | Reached skill level 12 in Axes
  6751 | D:7      | Gained mutation: Your flesh is heat resistant. (rF+) [mutagenic meat]
  6752 | D:7      | Gained mutation: You are frail. (-10% HP) [mutagenic meat]
  6753 | D:7      | Gained mutation: You occasionally shout uncontrollably at your foes. [mutagenic meat]
  6754 | D:7      | Gained mutation: You have a pair of small horns on your head. [mutagenic meat]
  6842 | D:7      | Found a hazy altar of Hepliaklqana.
  6952 | D:7      | Slain by an orc warrior

Vault maps used:
D:1:      tarquinn_simple_flora_water_a
D:2:      first_bread, chequers_big_river, glass_columns_b,
          okawaru_ov_weapons_minmay
D:3:      overflow_temple_1_default, gammafunk_temple_overflow_pools,
          small_statue_intersection, minmay_strange_pillars,
          kennysheep_orc_chapel, uniq_jessica
D:4:      minmay_temple_entry_statues, uniq_ijyb
D:5:      serial_corexii_hall, corexii_hall_statues_l, corexii_hall_statues_s,
          basic_altar, uniq_blork_the_orc
D:7:      cheibrodos_barr_body, lemuel_doored_altar, grunt_ogre_cave

Skill      XL: |  1  2  3  4  5  6  7  8  9 |
---------------+----------------------------+-----
Axes           | 5 6 7 9 11 12 | 12.6
Armour         | 3 4 5 6 |  6.0
Fighting       | 4 5 6 7 8 |  8.4
Dodging        | |  1.5

Action                   |  1- 3 |  4- 6 |  7- 9 || total
-------------------------+-------+-------+-------++-------
Melee: Hand axe          |    92 |   130 |   331 ||   553
       Headbutt          |       |       |    10 ||    10
Invok: Berserk           |     2 |     4 |     5 ||    11
  Use: Scroll            |       |     6 |       ||     6
       Potion            |       |       |     7 ||     7
  Eat: Chunk             |     4 |    10 |    19 ||    33
Armor: Animal skin       |    10 |       |       ||    10
       Scale mail        |    26 |    65 |   103 ||   194
Dodge: Dodged            |    71 |    63 |   135 ||   269
       Deflected         |       |     8 |     3 ||    11
Block: Buckler           |       |       |    40 ||    40
